 Dungeon Crawl Stone Soup version 0.30.1-3-gfc49f6343a (webtiles) character file.

Game seed: 7145762727185154362

77 cdecastro the Cudgeller (level 4, -3/38 HPs)
             Began as an Armataur Warper on July 31, 2023.
             Was a Believer of Elyvilon.
             Slain by a gnoll
             ... wielding a +0 halberd
              (11 damage)
             ... on level 3 of the Dungeon.
             The game lasted 00:02:38 (1512 turns).

cdecastro the Cudgeller (Armataur Warper)           Turns: 1512, Time: 00:02:38

Health: -3/38      AC:  4    Str: 19    XL:     4   Next: 14%
Magic:  0/6        EV:  9    Int: 13    God:    Elyvilon [**....]
Gold:   127        SH:  0    Dex:  9    Spells: 6/6 levels left

rFire   . . .        a - +0 mace
rCold   . . .        (no shield)
rNeg    . . .        b - +0 leather armour
rPois   .            (no helmet)
rElec   .            (no cloak)
rCorr   .            (no gloves)
SInv    .            (no barding)
Will    .....        h - amulet of guardian spirit
Stlth   +            (no ring)
HPRegen 0.26/turn    (no ring)
MPRegen 0.10/turn

%: guardian spirit, roll
@: no status effects
A: large, rugged brown scales 3, deformed body, armoured tail, roll, long
tongue, awkward tongue
a: Renounce Religion, Purification, Heal Other


You were on level 3 of the Dungeon.
You worshipped Elyvilon.
Elyvilon was pleased with you.
You visited 1 branch of the dungeon, and saw 3 of its levels.

You collected 127 gold pieces.

Inventory:

Hand Weapons
 a - a +0 mace (weapon)
Missiles
 d - 7 boomerangs of dispersal (quivered)
 e - 6 poisoned darts
Armour
 b - a +0 leather armour (worn)
 n - a +0 tower shield
Jewellery
 h - an amulet of guardian spirit (around neck)
Scrolls
 c - 2 scrolls of blinking
 f - 2 scrolls of enchant armour {unknown}
 i - 7 scrolls of identify {unknown}
 l - a scroll of magic mapping {unknown}
 o - a scroll of fog {unknown}
 p - a scroll of poison {unknown}
 q - a scroll of immolation {unknown}
 r - a scroll of teleportation {unknown}
Potions
 g - a potion of heal wounds {unknown}
 j - a potion of invisibility {unknown}
 k - a potion of attraction {unknown}
 m - 2 potions of curing {unknown}


   Skills:
 - Level 1.7 Fighting
 + Level 4.1 Maces & Flails
 - Level 0.8 Throwing
 - Level 1.2 Armour
 - Level 1.3 Dodging
 - Level 1.7 Spellcasting
 - Level 3.0 Translocations


You had 6 spell levels left.
You didn't know any spells.
Your spell library contained the following spells:

 Spells                   Type           Power      Damage    Failure   Level
 Apportation              Tloc           16%        N/A       9%          1
 Blink                    Tloc           16%        N/A       14%         2
 Lesser Beckoning         Tloc           16%        N/A       14%         2
 Teleport Other           Tloc           8%         N/A       26%         3
 Necrotise                Necr           4%         1d4       30%         1
 Summon Small Mammal      Summ           4%         N/A       30%         1
 Ensorcelled Hibernation  Hex/Ice        2%         N/A       43%         2
 Passwall                 Tmut/Erth      0%         N/A       43%         2
 Vhi's Electric Charge    Tloc/Air       10%        N/A       45%         3
 Manifold Assault         Tloc           8%         N/A       65%         4
 Ozocubu's Armour         Ice            1%         N/A       67%         3
 Swiftness                Air            1%         N/A       67%         3
 Ozocubu's Refrigeration  Ice            0%         4d7       100%        7


Dungeon Overview and Level Annotations

Branches:
Dungeon (3/15)

Altars:
Elyvilon


Innate Abilities, Weirdness & Mutations

You are completely covered in rugged brown scales. (AC +3, +7% HP)
Armour fits poorly on your strangely shaped body.
You have a long armoured tail.
You roll when moving toward enemies. (Rampage)
Your long tongue fully drains potion bottles. (2x potion effects)
Your tongue gives you trouble enunciating. (1.5x scroll delay)


Message History

The gnoll shouts!
There are monsters nearby!
There are monsters nearby!
There are monsters nearby!
There are monsters nearby!
There is a stone staircase leading up here.
The rat bites you.
You climb upwards.
There is a stone staircase leading down here.
Unknown command.
You sock the rat!
You kill the rat!
You see here a rat corpse.
You see here a rat corpse.
There is a stone staircase leading down here.
You climb downwards.
There is a stone staircase leading up here.
Unknown command.
You roll towards the gnoll!
You closely miss the gnoll. You tail-slap the gnoll.
The gnoll is heavily wounded.
The gnoll hits you with a +0 halberd.
You completely miss the gnoll.
The gnoll is heavily wounded.
The gnoll hits you with a +0 halberd! x2
You closely miss the gnoll. You tail-slap the gnoll.
The gnoll is almost dead.
The gnoll barely misses you.
You hit the gnoll but do no damage.
The gnoll is almost dead.
The gnoll hits you with a +0 halberd!
* * * LOW HITPOINT WARNING * * *
You barely miss the gnoll.
The gnoll is almost dead.
The gnoll barely misses you.
Unknown command.
You barely miss the gnoll.
The gnoll is almost dead.
The gnoll hits you with a +0 halberd!
You die...

## ##### ###
.######.#.#####<###
..........^.....@.#
.#####..#.......#g#
.#####..#.#######.# ###
.#......#.........#...
.#.####........g###.#####
.#.......................
)############.#...#########
.[........###.#............
####.......................


You could see a gnoll.

Vanquished Creatures
  3 adders (D:2)
  2 dart slugs
  3 ball pythons (D:1)
  3 endoplasms
  6 goblins
  5 hobgoblins
  8 jackals (D:1)
  4 kobolds
  A quokka (D:2)
  2 bats
  6 rats
43 creatures vanquished.

Notes
Turn   | Place    | Note
-------+----------+-------------------------------------------
     0 | D:1      | cdecastro the Armataur Warper began the quest for the Orb.
     0 | D:1      | Reached XP level 1. HP: 18/18 MP: 3/3
    24 | D:1      | Reached skill level 2 in Maces & Flails
    94 | D:1      | Found a faded altar of an unknown god.
   104 | D:1      | Prayed at the altar of an unknown god.
   104 | D:1      | Became a worshipper of Elyvilon the Healer
   104 | D:1      | Reached * piety under Elyvilon
   135 | D:1      | Reached XP level 2. HP: 25/25 MP: 4/4
   290 | D:1      | Reached skill level 3 in Maces & Flails
   544 | D:1      | Reached XP level 3. HP: 27/31 MP: 5/5
   821 | D:2      | Reached ** piety under Elyvilon
   945 | D:2      | Reached skill level 4 in Maces & Flails
   945 | D:2      | Reached XP level 4. HP: 32/38 MP: 3/6
  1512 | D:3      | Slain by a gnoll

Illustrated notes

Levels and vault maps discovered:
D:1:      heliophobic_arrival_henge, layout_loops_ring,
          dreamdust_ecumenical_altar_grove, kennysheep_decorative_pillar
D:2:      layout_loops_ring
D:3:      layout_basic, nicolae_eternal_life

Skill      XL: |  1  2  3 |
---------------+----------+-----
Maces & Flails | 2 3 4 |  4.1
Fighting       | |  1.7
Throwing       | |  0.8
Armour         | |  1.2
Dodging        | |  1.3
Spellcasting   | |  1.7
Translocations | |  3.0

Action                     |  1- 3 |  4- 6 || total
---------------------------+-------+-------++-------
  Melee: Mace              |   100 |    25 ||   125
         Tailslap          |     4 |     2 ||     6
         Punch             |     1 |       ||     1
 Armour: Leather armour    |    38 |     5 ||    43
  Dodge: Dodged            |    54 |    13 ||    67
